[ AOE2 MATCH · #505451504 ]
UnrankedTupi vs Lithuanians
Player's team · LOSS
[ REPLAY ANALYSIS · EXTRACTED FROM THE RECORDED GAME ]
Feudal
9:07
Castle
22:57
Imperial
—
| APM avg | 72.1 |
| APM peak | 99 |
| eAPM avg | 35.9 |
| Villagers / military | 133 / 160 |
Focus
⚔️ 40.5% · 🌾 59.5%
Spearman ×108 · Unknown (2550) ×55 · Archer ×34 · Battering Ram ×13 · Monk ×2 · Mangonel ×2
Feudal
11:43
Castle
21:42
Imperial
41:32
| APM avg | 65.5 |
| APM peak | 104 |
| eAPM avg | 31.4 |
| Villagers / military | 157 / 188 |
Focus
⚔️ 35.0% · 🌾 65.0%
Skirmisher ×92 · Knight ×73 · Trebuchet (Packed) ×8 · Militia ×5 · Monk ×4 · Spearman ×3
Match map
Initial resources + every placement click. Lines = walls · curves = elevation contours. ◆ gold · ⬟ stone · ● berries · ✦ relic · ◌ wall gap
Your base· Open — 1t gap
她说我闷骚's base· ✓ Closed at 21:42 · 9t walls · 1 gate(s)
Smoothed initial terrain · ◌ = detected wall gap · hover for details
Inputs per minute
— Mutn - - 她说我闷骚
Build order — Mutn
First 150 of 434 actions detected
| 0:00 | Queue | Villager (Male) |
| 0:00 | Queue | Villager (Male) |
| 0:04 | Build | House |
| 0:10 | Build | House |
| 0:15 | Queue | Villager (Male) |
| 0:16 | Queue | Villager (Male) |
| 1:11 | Queue | Villager (Male) |
| 1:34 | Queue | Villager (Male) |
| 1:34 | Queue | Villager (Male) |
| 1:45 | Build | Settlement |
| 2:02 | Queue | Villager (Male) |
| 2:02 | Queue | Villager (Male) |
| 2:43 | Queue | Villager (Male) |
| 2:44 | Queue | Villager (Male) |
| 3:00 | Queue | Villager (Male) |
| 3:00 | Queue | Villager (Male) |
| 3:31 | Queue | Villager (Male) |
| 3:31 | Queue | Villager (Male) |
| 3:57 | Queue | Villager (Male) |
| 4:38 | Queue | Villager (Male) |
| 4:38 | Queue | Villager (Male) |
| 5:05 | Queue | Villager (Male) |
| 5:11 | Queue | Villager (Male) |
| 5:31 | Research | Loom |
| 5:38 | Build | Barracks |
| 6:29 | Build | Palisade Wall |
| 6:46 | Build | Settlement |
| 6:51 | Build | Settlement |
| 6:55 | Queue | Villager (Male) |
| 6:57 | Research | Feudal Age |
| 7:11 | Queue | Unit 2550 |
| 7:34 | Build | House |
| 7:48 | Queue | Unit 2550 |
| 8:02 | Queue | Unit 2550 |
| 8:07 | Build | House |
| 8:18 | Build | Palisade Wall |
| 8:19 | Build | Palisade Wall |
| 8:21 | Build | Palisade Wall |
| 8:24 | Build | Palisade Wall |
| 8:29 | Build | Palisade Wall |
| 8:52 | Queue | Villager (Male) |
| 8:52 | Queue | Villager (Male) |
| 9:07 | Age | Feudal Age |
| 9:13 | Build | Archery Range |
| 9:17 | Build | Archery Range |
| 9:26 | Research | Tech 1402 |
| 9:26 | Research | Tech 1402 |
| 9:38 | Build | House |
| 9:44 | Queue | Villager (Male) |
| 10:13 | Queue | Archer |
| 10:13 | Queue | Archer |
| 10:32 | Build | House |
| 10:50 | Queue | Villager (Male) |
| 10:50 | Queue | Villager (Male) |
| 10:56 | Queue | Archer |
| 10:56 | Queue | Archer |
| 11:29 | Queue | Villager (Male) |
| 11:31 | Build | House |
| 11:41 | Queue | Archer |
| 11:55 | Build | Blacksmith |
| 12:14 | Queue | Archer |
| 12:14 | Queue | Archer |
| 12:14 | Queue | Villager (Male) |
| 12:49 | Research | Fletching |
| 12:49 | Research | Fletching |
| 13:01 | Build | Farm |
| 13:15 | Queue | Villager (Male) |
| 13:20 | Build | Farm |
| 13:22 | Build | Farm |
| 13:36 | Queue | Archer |
| 13:37 | Queue | Archer |
| 13:59 | Queue | Villager (Male) |
| 14:03 | Build | Farm |
| 14:03 | Build | Farm |
| 14:20 | Queue | Villager (Male) |
| 14:22 | Queue | Archer |
| 14:22 | Queue | Archer |
| 14:41 | Queue | Villager (Male) |
| 14:44 | Build | Farm |
| 14:48 | Build | Farm |
| 14:52 | Queue | Villager (Male) |
| 15:08 | Queue | Archer |
| 15:08 | Queue | Archer |
| 15:44 | Queue | Villager (Male) |
| 15:46 | Queue | Villager (Male) |
| 15:49 | Build | Farm |
| 15:51 | Build | Farm |
| 16:09 | Queue | Archer |
| 16:09 | Queue | Archer |
| 16:10 | Queue | Villager (Male) |
| 16:14 | Build | Farm |
| 16:25 | Build | House |
| 16:25 | Build | House |
| 16:52 | Queue | Villager (Male) |
| 17:08 | Queue | Villager (Male) |
| 17:16 | Research | Padded Archer Armor |
| 17:21 | Queue | Archer |
| 17:22 | Queue | Archer |
| 17:31 | Queue | Villager (Male) |
| 18:13 | Queue | Villager (Male) |
| 18:24 | Queue | Villager (Male) |
| 18:42 | Queue | Villager (Male) |
| 18:48 | Build | Market |
| 18:51 | Queue | Archer |
| 18:52 | Queue | Archer |
| 18:52 | Queue | Archer |
| 18:57 | Queue | Villager (Male) |
| 19:28 | Queue | Archer |
| 19:28 | Queue | Archer |
| 20:17 | Research | Castle Age |
| 20:18 | Research | Castle Age |
| 20:29 | Build | Settlement |
| 20:33 | Queue | Archer |
| 20:33 | Queue | Archer |
| 20:34 | Queue | Villager (Male) |
| 20:36 | Research | Double-Bit Axe |
| 20:37 | Research | Double-Bit Axe |
| 21:05 | Queue | Archer |
| 21:06 | Queue | Archer |
| 21:06 | Queue | Villager (Male) |
| 21:12 | Queue | Spearman |
| 21:25 | Queue | Archer |
| 21:25 | Queue | Archer |
| 21:30 | Build | Barracks |
| 21:34 | Queue | Spearman |
| 21:34 | Queue | Spearman |
| 21:37 | Research | Scale Mail Armor |
| 21:37 | Research | Scale Mail Armor |
| 21:47 | Queue | Spearman |
| 22:04 | Queue | Archer |
| 22:04 | Queue | Archer |
| 22:05 | Queue | Spearman |
| 22:50 | Queue | Spearman |
| 22:57 | Age | Castle Age |
| 22:58 | Research | Bodkin Arrow |
| 22:59 | Research | Bodkin Arrow |
| 23:15 | Queue | Villager (Male) |
| 23:19 | Research | Pikeman (upgrade) |
| 23:19 | Queue | Spearman |
| 23:19 | Queue | Spearman |
| 23:25 | Build | Farm |
| 23:38 | Queue | Villager (Male) |
| 23:48 | Research | Crossbowman (upgrade) |
| 24:05 | Build | Town Center |
| 24:08 | Build | Town Center |
| 24:13 | Queue | Villager (Male) |
| 24:14 | Queue | Villager (Male) |
| 24:23 | Queue | Villager (Male) |
| 24:24 | Build | Farm |
| 24:25 | Build | Farm |
Build order — 她说我闷骚
First 150 of 415 actions detected
| 0:01 | Queue | Villager (Male) |
| 0:02 | Queue | Villager (Male) |
| 0:02 | Queue | Villager (Male) |
| 0:03 | Build | House |
| 0:04 | Build | House |
| 0:13 | Queue | Villager (Male) |
| 0:14 | Queue | Villager (Male) |
| 1:05 | Queue | Villager (Male) |
| 1:05 | Queue | Villager (Male) |
| 2:08 | Queue | Villager (Male) |
| 2:08 | Queue | Villager (Male) |
| 2:21 | Build | Lumber Camp |
| 2:29 | Queue | Villager (Male) |
| 2:29 | Queue | Villager (Male) |
| 2:43 | Queue | Villager (Male) |
| 2:43 | Queue | Villager (Male) |
| 3:07 | Build | House |
| 3:17 | Queue | Villager (Male) |
| 3:18 | Queue | Villager (Male) |
| 3:45 | Build | Barracks |
| 4:12 | Queue | Villager (Male) |
| 4:12 | Queue | Villager (Male) |
| 4:13 | Queue | Villager (Male) |
| 4:38 | Build | House |
| 4:40 | Queue | Militia |
| 4:40 | Queue | Militia |
| 4:40 | Queue | Militia |
| 5:06 | Queue | Villager (Male) |
| 5:24 | Queue | Militia |
| 5:27 | Queue | Villager (Male) |
| 5:34 | Queue | Militia |
| 5:54 | Queue | Villager (Male) |
| 5:54 | Queue | Villager (Male) |
| 6:23 | Queue | Villager (Male) |
| 6:41 | Build | Mining Camp |
| 6:47 | Queue | Villager (Male) |
| 6:49 | Queue | Villager (Male) |
| 7:30 | Queue | Villager (Male) |
| 7:33 | Build | House |
| 8:09 | Build | Palisade Wall |
| 8:11 | Build | Palisade Wall |
| 8:18 | Queue | Villager (Male) |
| 8:31 | Queue | Villager (Male) |
| 8:40 | Research | Loom |
| 8:40 | Research | Feudal Age |
| 8:44 | Build | Mill |
| 8:52 | Queue | Villager (Male) |
| 9:31 | Build | Palisade Wall |
| 9:31 | Build | Palisade Wall |
| 9:33 | Build | Palisade Wall |
| 9:33 | Build | Palisade Wall |
| 9:34 | Build | Palisade Wall |
| 9:34 | Build | Palisade Wall |
| 9:41 | Queue | Villager (Male) |
| 9:49 | Build | House |
| 10:06 | Build | House |
| 10:15 | Build | House |
| 10:22 | Build | House |
| 11:09 | Build | Palisade Wall |
| 11:17 | Queue | Villager (Male) |
| 11:43 | Age | Feudal Age |
| 11:45 | Research | Man-at-Arms (upgrade) |
| 11:48 | Build | Watch Tower |
| 12:01 | Build | Archery Range |
| 12:07 | Queue | Villager (Male) |
| 12:42 | Queue | Villager (Male) |
| 12:51 | Queue | Skirmisher |
| 12:52 | Queue | Skirmisher |
| 12:57 | Build | Blacksmith |
| 12:59 | Build | Farm |
| 13:00 | Queue | Villager (Male) |
| 13:01 | Build | Farm |
| 13:12 | Queue | Villager (Male) |
| 13:25 | Queue | Villager (Male) |
| 13:27 | Build | House |
| 13:38 | Build | Farm |
| 13:39 | Build | Farm |
| 13:46 | Queue | Villager (Male) |
| 13:49 | Queue | Archer |
| 13:51 | Queue | Villager (Male) |
| 14:11 | Queue | Villager (Male) |
| 14:15 | Build | Farm |
| 14:43 | Build | Palisade Gate |
| 14:50 | Queue | Villager (Male) |
| 14:52 | Build | Farm |
| 14:55 | Build | Farm |
| 14:55 | Build | Farm |
| 14:55 | Build | Farm |
| 15:03 | Build | Farm |
| 15:03 | Build | Farm |
| 15:05 | Queue | Skirmisher |
| 15:05 | Queue | Skirmisher |
| 15:08 | Queue | Villager (Male) |
| 15:10 | Research | Fletching |
| 15:19 | Build | Palisade Wall |
| 15:24 | Queue | Villager (Male) |
| 15:40 | Queue | Villager (Male) |
| 15:55 | Queue | Villager (Male) |
| 16:06 | Build | Farm |
| 16:15 | Build | Farm |
| 16:22 | Build | Market |
| 16:30 | Build | Farm |
| 16:47 | Queue | Skirmisher |
| 16:47 | Queue | Skirmisher |
| 16:50 | Queue | Villager (Male) |
| 16:54 | Build | Farm |
| 17:26 | Build | Farm |
| 17:26 | Build | Farm |
| 17:41 | Queue | Villager (Male) |
| 17:51 | Queue | Villager (Male) |
| 18:03 | Queue | Villager (Male) |
| 18:11 | Build | Farm |
| 18:11 | Build | Farm |
| 18:19 | Build | Farm |
| 18:25 | Queue | Villager (Male) |
| 19:02 | Research | Castle Age |
| 19:02 | Research | Castle Age |
| 19:22 | Queue | Skirmisher |
| 19:22 | Queue | Skirmisher |
| 19:35 | Research | Padded Archer Armor |
| 19:45 | Build | Stable |
| 21:06 | Queue | Spearman |
| 21:07 | Queue | Spearman |
| 21:34 | Queue | Spearman |
| 21:37 | Queue | Skirmisher |
| 21:37 | Queue | Skirmisher |
| 21:42 | Age | Castle Age |
| 21:44 | Queue | Villager (Male) |
| 21:48 | Build | Monastery |
| 21:53 | Queue | Villager (Male) |
| 22:07 | Queue | Knight |
| 22:10 | Research | Bodkin Arrow |
| 22:18 | Queue | Monk |
| 22:32 | Queue | Villager (Male) |
| 22:36 | Build | Town Center |
| 22:42 | Queue | Villager (Male) |
| 23:21 | Queue | Monk |
| 23:39 | Build | House |
| 23:40 | Queue | Villager (Male) |
| 23:50 | Queue | Skirmisher |
| 23:50 | Queue | Skirmisher |
| 24:09 | Queue | Villager (Male) |
| 24:12 | Build | House |
| 24:13 | Build | House |
| 24:15 | Queue | Villager (Male) |
| 24:18 | Queue | Knight ×2 |
| 24:18 | Queue | Villager (Male) |
| 24:30 | Research | Elite Skirmisher (upgrade) |
| 24:33 | Build | Farm |
| 24:35 | Queue | Villager (Male) |
Match timeline
| 3:45 | 她说我闷骚 · first_building Barracks |
| 5:38 | Mutn · first_building Barracks |
| 6:29 | Mutn · wall_segment Palisade Wall x1 |
| 8:09 | 她说我闷骚 · wall_segment Palisade Wall x1 |
| 8:11 | 她说我闷骚 · wall_segment Palisade Wall x1 |
| 8:18 | Mutn · wall_segment Palisade Wall x1 |
| 8:19 | Mutn · wall_segment Palisade Wall x1 |
| 8:21 | Mutn · wall_segment Palisade Wall x1 |
| 8:24 | Mutn · wall_segment Palisade Wall x1 |
| 8:29 | Mutn · wall_segment Palisade Wall x1 |
| 9:07 | Mutn · age_up feudal |
| 9:13 | Mutn · first_building Archery Range |
| 9:31 | 她说我闷骚 · wall_segment Palisade Wall x1 |
| 9:31 | 她说我闷骚 · wall_segment Palisade Wall x1 |
| 9:33 | 她说我闷骚 · wall_segment Palisade Wall x1 |
| 9:33 | 她说我闷骚 · wall_segment Palisade Wall x1 |
| 9:34 | 她说我闷骚 · wall_segment Palisade Wall x1 |
| 9:34 | 她说我闷骚 · wall_segment Palisade Wall x1 |
| 11:09 | 她说我闷骚 · wall_segment Palisade Wall x1 |
| 11:43 | 她说我闷骚 · age_up feudal |
| 12:01 | 她说我闷骚 · first_building Archery Range |
| 15:19 | 她说我闷骚 · wall_segment Palisade Wall x1 |
| 18:52 | 她说我闷骚 · first_market_buy 100 food |
| 19:41 | Mutn · first_market_buy 100 food |
| 19:45 | 她说我闷骚 · first_building Stable |
| 21:42 | 她说我闷骚 · age_up castle |
| 21:48 | 她说我闷骚 · first_building Monastery |
| 22:17 | 她说我闷骚 · first_market_sell 100 food |
| 22:57 | Mutn · age_up castle |
| 23:29 | Mutn · first_market_sell 100 wood |
| 25:45 | Mutn · first_building Siege Workshop |
| 28:53 | Mutn · first_building Castle |
| 29:55 | 她说我闷骚 · first_building Siege Workshop |
| 36:32 | 她说我闷骚 · first_building Castle |
| 41:32 | 她说我闷骚 · age_up imperial |
| 43:24 | Mutn · first_building Monastery |
| 49:37 | Mutn · resign |
[ AI ANALYSIS · 1 CREDIT ]
What really happened in this match?
Wolo.gg analyzes every decision: build order, eco, micro, common mistakes by bracket. Personalized analysis on WhatsApp or Discord in 30 seconds.
Civ guide
Tupi
Perfil
Mutn